Map: Kairos Junction LE

Players

Snute

  • Race: Zerg Zerg
  • Spawn Location: 5:00

TLO - Winner!

  • Race: Zerg Zerg
  • Spawn Location: 11:00

Event: 2019 WCS Summer

VOD

Have the link to the VOD?

Description

Time

  • Played on: July 12, 2019, 9:28 a.m.
  • Length: 10:31

All games in this series

Show
View Real Time Build Order
Export as new Build Order

Snute Zerg 

Build Orders: Hatch First 

Get SALT Encoding   

  12  0:00  Drone  
  13  0:12  Overlord  
  13  0:17  Drone  
  14  0:30  Drone x2  
  14  0:34  Drone  
  17  0:51  Hatchery  
  17  0:54  Drone  
  17  1:07  Spawning Pool  
  17  1:09  Drone  
  17  1:13  Drone  
  17  1:17  Drone  
  19  1:19  Extractor  
  18  1:27  Drone  
  19  1:38  Overlord  
  19  1:49  Drone  
  19  1:53  Queen  
  22  1:59  Zergling x2  
  23  2:03  Queen  
  23  2:04  Zergling x2  
  26  2:10  Zergling x2  
  26  2:15  Zergling x2  
  28  2:21  Zergling x2  
  29  2:26  Zergling x2  
  26  2:32  Zergling x2  
  12  2:57  Zergling x2  
  13  3:08  Zergling x2  
  7  3:44  Zergling x2  
  5  4:10  Drone  
  5  4:20  Drone  
  6  4:34  Drone  
  7  4:44  Drone  
  8  4:53  Drone  
  9  5:04  Zergling x2  
  10  5:09  Zergling x2  
  10  5:18  Drone  
  11  5:23  Drone  
  12  5:31  Drone  
  13  5:37  Drone  
  13  5:41  Drone  
  14  5:46  Drone  
  15  5:51  Drone  
  15  5:55  Drone  
  17  5:59  Drone  
  18  6:04  Drone  
  18  6:07  Drone  
  21  6:11  Drone  
  21  6:15  Drone  
  21  6:18  Zergling x2  
  23  6:28  Queen  
  23  6:32  Drone  
  26  6:35  Drone x2  
  26  6:38  Drone  
  29  6:43  Drone  
  29  6:46  Drone  
  31  6:53  Drone  
  32  6:54  Queen  
  32  7:01  Evolution Chamber  
  33  7:02  Overlord  
  33  7:04  Drone  
  33  7:08  Metabolic Boost  
  34  7:17  Roach Warren  
  33  7:25  Baneling Nest  
  33  7:26  Zergling x4  
  33  7:28  Zergling x2  
  36  7:39  Queen, Overlord  
  37  7:44  Drone x2  
  37  7:45  Drone  
  40  7:51  Overlord  
  40  7:55  Drone  
  40  7:56  Drone  
  40  8:00  Roach  
  40  8:02  Roach  
  40  8:05  Zergling x4  
  46  8:15  Zergling x4  
  46  8:18  Zergling x4  
  50  8:29  Zergling x4  
  52  8:39  Evolution Chamber  
  51  8:41  Roach x4  
  51  8:45  Overlord  
  51  8:48  Zergling x2  
  60  9:02  Hatchery  
  60  9:05  Drone x5  
  64  9:10  Overlord  
  64  9:15  Drone x3  
  68  9:22  Drone  
  68  9:30  Hatchery  
  65  9:31  Drone x4  
  68  9:39  Extractor  
  68  9:40  Extractor  
  68  9:42  Drone x5  
  71  9:48  Overlord  
  71  9:54  Roach  
  71  10:00  Roach x2  
  71  10:01  Overlord  
  71  10:06  Overlord  
  74  10:07  Roach  
Show
View Real Time Build Order
Export as new Build Order

TLO Zerg - Winner!

Build Orders: Pool First 

Get SALT Encoding   

  12  0:18  Spawning Pool  
  11  0:22  Drone  
  11  0:27  Drone  
  13  0:32  Drone  
  14  0:40  Overlord  
  14  1:05  Zergling x6  
  17  1:16  Zergling x2  
  18  1:26  Zergling x2  
  19  1:37  Zergling x2  
  20  1:48  Zergling x2  
  21  2:00  Spine Crawler  
  20  2:02  Spine Crawler  
  19  2:10  Spine Crawler  
  18  2:28  Zergling x2  
  12  2:43  Zergling x2  
  8  3:02  Drone  
  8  3:24  Drone  
  8  3:28  Drone  
  8  3:39  Drone  
  8  3:49  Drone  
  8  3:54  Drone  
  10  4:01  Drone  
  11  4:07  Drone  
  12  4:18  Zergling x2  
  13  4:26  Queen  
  15  4:31  Zergling x2  
  16  4:40  Drone  
  17  4:50  Drone  
  18  5:01  Drone  
  21  5:13  Overlord  
  19  5:21  Hatchery  
  18  5:34  Drone x2  
  18  5:35  Drone  
  20  5:38  Zergling x2  
  20  5:39  Drone  
  22  5:49  Queen  
  24  5:56  Extractor  
  23  5:57  Drone x2  
  25  6:10  Drone x2  
  25  6:11  Drone x2  
  29  6:33  Hatchery  
  29  6:35  Drone  
  29  6:38  Zergling x2  
  30  6:43  Drone  
  30  6:44  Drone  
  32  6:53  Zergling x2  
  32  6:54  Zergling x2  
  34  6:55  Zergling x2  
  34  6:58  Zergling x2  
  34  7:00  Overlord  
  36  7:06  Overlord  
  36  7:18  Overlord  
  36  7:23  Drone  
  36  7:24  Drone x4  
  36  7:28  Drone  
  42  7:31  Drone  
  42  7:35  Drone  
  42  7:36  Lair  
  44  7:38  Drone  
  44  7:42  Drone  
  44  7:43  Drone  
  47  7:45  Drone  
  47  7:49  Evolution Chamber  
  47  7:53  Drone x2  
  47  7:54  Drone  
  47  7:56  Overlord  
  49  8:05  Extractor  
  47  8:06  Roach Warren  
  47  8:07  Drone  
  47  8:09  Drone x2  
  47  8:10  Drone  
  49  8:13  Drone x2  
  49  8:18  Zerg Missile Weapons Level 1  
  49  8:19  Extractor  
  50  8:23  Drone x3  
  53  8:29  Overlord  
  53  8:30  Drone  
  53  8:32  Overlord  
  54  8:37  Overlord  
  54  8:47  Glial Reconstitution  
  56  8:48  Roach x2  
  56  8:50  Roach  
  56  8:53  Roach  
  56  8:55  Roach x2  
  66  8:56  Roach  
  66  8:57  Roach  
  66  9:00  Roach  
  72  9:03  Queen  
  72  9:06  Roach  
  76  9:11  Overlord  
  76  9:15  Roach x2  
  80  9:18  Overlord  
  80  9:21  Roach  
  80  9:23  Roach  
  82  9:27  Roach  
  82  9:29  Roach  
  81  9:32  Roach  
  81  9:36  Roach x2  
  86  9:43  Roach x2  
  86  9:45  Roach  
  92  9:46  Roach  
  92  9:48  Roach  
  92  9:51  Roach  
  98  9:55  Overlord  
  98  9:58  Overlord  
  98  10:01  Roach x2  
  98  10:03  Roach  
  98  10:06  Roach  
  108  10:18  Drone x2  
Tags
 
Add a new tag
Caveats
  • Supply blocks, unpowered buildings, or Contaminate may cause inaccurate times.
  • Supply counts are checked every 10 seconds.